General information
- name: BNet
- type: Ladder team game (AT/RT)
- host: Battle.net
- saver: TRUMP-DA-GOAT
map: GolemsInTheMist
- players: 8
- length: 18:04
- speed: Fast
- version: 1.27 W3XP
- replay type: Public
» download(104 KB)
Players
team 1 (winner)
MemberBerrys (
red | 63 APM | 1143 actions | 18:02)
5 Shadow Hunter
2 Hex
3 Healing Wave
2 Tauren Chieftain
1 Endurance Aura
1 Shockwave
» actions
| Assign group hotkey | 14 | |
| Build / train | 68 | |
| ESC pressed | 2 | |
| Enter build submenu | 18 | |
| Enter hero's abilities submenu | 7 | |
| Give item / drop item | 5 | |
| Remove unit from queue | 4 | |
| Right click | 392 | |
| Select / deselect | 290 | |
| Select group hotkey | 255 | |
| Use ability | 88 | |
1143 total
» units
| Peon | 10 | |
| Grunt | 7 | |
| Troll Headhunter/Berserker | 6 | |
| Goblin Shredder | 1 | |
| Kodo Beast | 2 | |
| Shaman | 3 | |
| Demolisher | 2 | |
31 total
» upgrades
| Pillage | 1 | |
| Shaman Training | 2 | |
| Berserker Strength | 1 | |
| Armor | 3 | |
| Troll Regeneration | 1 | |
| Burning Oil | 1 | |
| Berserker Upgrade | 1 | |
| Reinforced Defenses | 1 | |
| Witch Doctor Training | 1 | |
| Spirit Walker Training | 1 | |
| War Drums Damage Increase | 1 | |
| Melee Weapons | 1 | |
15 total
» buildings
| Altar of Storms | 1 | |
| Barracks | 2 | |
| Orc Burrow | 8 | |
| War Mill | 1 | |
| Great Hall | 1 | |
| Voodoo Lounge | 1 | |
| Watch Tower | 2 | |
| Stronghold | 1 | |
| Spirit Lodge | 1 | |
| Fortress | 1 | |
| Beastiary | 1 | |
20 total
» build order
00:10 Altar of Storms
00:15 Barracks
00:30 Orc Burrow
01:35 Orc Burrow
02:20 War Mill
03:18 Great Hall
04:11 Orc Burrow
04:30 Voodoo Lounge
04:39 Watch Tower
05:14 Watch Tower
06:18 Stronghold
07:03 Barracks
07:44 Orc Burrow
07:55 Orc Burrow
08:46 Spirit Lodge
08:48 Fortress
08:50 Beastiary
11:00 Orc Burrow
11:28 Orc Burrow
11:45 Orc Burrow
» items
| Healing Salve | 1 | |
| Lesser Clarity Potion | 1 | |
| Scroll of Speed | 1 | |
| Potion of Mana | 2 | |
5 total
TRUMP-DA-GOAT (
purple | 57 APM | 1019 actions | 18:02)
4 Blood Mage
2 Flame Strike
2 Banish
» actions
| Assign group hotkey | 26 | |
| Basic commands | 1 | |
| Build / train | 43 | |
| Enter build submenu | 13 | |
| Enter hero's abilities submenu | 4 | |
| Give item / drop item | 3 | |
| Right click | 443 | |
| Select / deselect | 105 | |
| Select group hotkey | 312 | |
| Use ability | 69 | |
1019 total
» units
» upgrades
| Masonry | 2 | |
| Sorceress Training | 1 | |
3 total
» buildings
| Altar of Kings | 1 | |
| Farm | 5 | |
| Scout Tower | 4 | |
| Arcane Vault | 3 | |
| Arcane Tower | 1 | |
| Keep | 1 | |
| Lumber Mill | 1 | |
| Guard Tower | 3 | |
| Arcane Sanctum | 1 | |
| Castle | 2 | |
22 total
» build order
00:06 Altar of Kings
00:20 Farm
01:21 Scout Tower
01:41 Arcane Vault
01:48 Arcane Tower
02:02 Farm
03:01 Keep
03:15 Lumber Mill
04:15 Farm
04:20 Scout Tower
04:21 Scout Tower
04:23 Scout Tower
05:01 Guard Tower
05:02 Guard Tower
05:06 Farm
05:35 Guard Tower
05:38 Arcane Sanctum
08:58 Castle
08:58 Castle
10:55 Farm
13:54 Arcane Vault
15:36 Arcane Vault
» items
| Scroll of Regeneration | 3 | |
| Mechanical Critter | 2 | |
| Potion of Mana | 3 | |
| Potion of Healing | 1 | |
| Orb of Fire | 1 | |
10 total
jG]ChUcK (
green | 99 APM | 1785 actions | 18:02)
4 Archmage
2 Summon Water Elemental
2 Brilliance Aura
3 Mountain King
2 Storm Bolt
1 Bash
» actions
| Assign group hotkey | 32 | |
| Basic commands | 165 | |
| Build / train | 73 | |
| Enter build submenu | 26 | |
| Enter hero's abilities submenu | 7 | |
| Remove unit from queue | 3 | |
| Right click | 563 | |
| Select / deselect | 218 | |
| Select group hotkey | 645 | |
| Use ability | 53 | |
1785 total
» units
| Peasant | 12 | |
| Footman | 4 | |
| Rifleman | 7 | |
| Spell Breaker | 5 | |
| Sorceress | 2 | |
| Mortar Team | 6 | |
| Priest | 2 | |
38 total
» upgrades
| Defend | 1 | |
| Gunpowder | 3 | |
| Plating | 1 | |
| Armor | 2 | |
| Long Rifles | 1 | |
| Flare | 1 | |
| Priest Training | 2 | |
| Control Magic | 1 | |
| Fragmentation Shards | 1 | |
| Swords | 1 | |
| Magic Sentry | 1 | |
15 total
» buildings
| Altar of Kings | 1 | |
| Farm | 10 | |
| Barracks | 1 | |
| Scout Tower | 5 | |
| Lumber Mill | 1 | |
| Arcane Tower | 1 | |
| Arcane Vault | 1 | |
| Guard Tower | 4 | |
| Blacksmith | 1 | |
| Town Hall | 1 | |
| Keep | 1 | |
| Arcane Sanctum | 1 | |
| Workshop | 1 | |
| Castle | 1 | |
30 total
» build order
00:19 Altar of Kings
00:25 Farm
00:29 Barracks
00:58 Farm
01:33 Scout Tower
01:49 Lumber Mill
02:04 Arcane Tower
02:09 Scout Tower
02:19 Farm
02:49 Arcane Vault
03:15 Guard Tower
03:20 Farm
03:27 Blacksmith
04:07 Scout Tower
04:52 Town Hall
04:54 Scout Tower
04:56 Scout Tower
05:09 Guard Tower
05:24 Farm
06:02 Keep
06:07 Guard Tower
06:14 Guard Tower
06:18 Farm
07:53 Farm
08:17 Farm
08:29 Arcane Sanctum
08:36 Workshop
09:14 Farm
09:25 Castle
11:19 Farm
» items
IWasBulliedALot (
yellow | 25 APM | 443 actions | 18:02)
3 Blood Mage
1 Flame Strike
2 Siphon Mana
» actions
| Build / train | 36 | |
| Enter build submenu | 9 | |
| Enter hero's abilities submenu | 3 | |
| Give item / drop item | 1 | |
| Remove unit from queue | 1 | |
| Right click | 175 | |
| Select / deselect | 157 | |
| Use ability | 61 | |
443 total
» units
» buildings
| Farm | 2 | |
| Altar of Kings | 1 | |
| Lumber Mill | 1 | |
| Scout Tower | 5 | |
| Guard Tower | 4 | |
| Keep | 4 | |
17 total
» build order
00:13 Farm
00:14 Farm
00:26 Altar of Kings
00:39 Lumber Mill
01:59 Scout Tower
02:02 Scout Tower
02:07 Scout Tower
03:16 Guard Tower
04:03 Scout Tower
04:06 Scout Tower
04:38 Keep
04:38 Keep
04:38 Keep
04:46 Guard Tower
04:46 Guard Tower
04:47 Guard Tower
» items
| Potion of Healing | 2 | |
| Potion of Mana | 4 | |
| Scroll of Town Portal | 1 | |
| Lesser Clarity Potion | 2 | |
9 total
team 2 (loser)

»
icew (
blue | 28 APM | 207 actions | 07:27)
1 Dreadlord
1 Vampiric Aura
» actions
| Assign group hotkey | 6 | |
| Basic commands | 3 | |
| Build / train | 25 | |
| Enter build submenu | 12 | |
| Enter hero's abilities submenu | 1 | |
| Right click | 70 | |
| Select / deselect | 67 | |
| Select group hotkey | 13 | |
| Use ability | 10 | |
207 total
» units
» upgrades
» buildings
| Altar of Darkness | 1 | |
| Ziggurat | 5 | |
| Crypt | 1 | |
| Graveyard | 1 | |
| Tomb of Relics | 1 | |
| Halls of the Dead | 1 | |
| Nerubian Tower | 1 | |
| Spirit Tower | 1 | |
| Black Citadel | 1 | |
13 total
» build order
00:26 Altar of Darkness
00:29 Ziggurat
00:36 Crypt
01:15 Graveyard
02:05 Ziggurat
02:20 Tomb of Relics
02:49 Ziggurat
04:24 Halls of the Dead
04:27 Ziggurat
04:29 Nerubian Tower
05:12 Spirit Tower
05:58 Ziggurat
06:59 Black Citadel
CUMMYBEARS (
orange | 39 APM | 288 actions | 07:21)
2 Mountain King
1 Thunder Clap
1 Storm Bolt
» actions
| Build / train | 18 | |
| Enter build submenu | 15 | |
| Enter hero's abilities submenu | 2 | |
| Right click | 149 | |
| Select / deselect | 73 | |
| Use ability | 31 | |
288 total
» units
» buildings
| Altar of Kings | 1 | |
| Farm | 2 | |
| Keep | 1 | |
| Scout Tower | 5 | |
| Barracks | 4 | |
| Town Hall | 1 | |
| Castle | 1 | |
| Lumber Mill | 1 | |
16 total
» build order
01:20 Altar of Kings
01:24 Farm
01:27 Farm
03:04 Keep
04:33 Scout Tower
04:36 Barracks
04:39 Barracks
04:42 Scout Tower
04:44 Scout Tower
04:46 Scout Tower
04:48 Scout Tower
05:08 Town Hall
05:47 Castle
05:58 Lumber Mill
06:05 Barracks
06:08 Barracks
XdYe (
pink | 63 APM | 484 actions | 07:43)
2 Archmage
1 Summon Water Elemental
1 Brilliance Aura
1 Mountain King
1 Storm Bolt
» actions
| Assign group hotkey | 11 | |
| Build / train | 21 | |
| ESC pressed | 4 | |
| Enter build submenu | 17 | |
| Enter hero's abilities submenu | 4 | |
| Right click | 221 | |
| Select / deselect | 80 | |
| Select group hotkey | 99 | |
| Use ability | 27 | |
484 total
» units
» upgrades
| Gunpowder | 1 | |
| Lumber Harvesting | 1 | |
2 total
» buildings
| Altar of Kings | 2 | |
| Farm | 5 | |
| Barracks | 2 | |
| Blacksmith | 1 | |
| Scout Tower | 1 | |
| Keep | 1 | |
| Lumber Mill | 3 | |
15 total
» build order
00:10 Altar of Kings
00:13 Altar of Kings
00:14 Farm
01:54 Farm
02:01 Barracks
02:05 Blacksmith
02:17 Scout Tower
02:34 Farm
03:40 Keep
04:19 Lumber Mill
04:30 Lumber Mill
04:48 Barracks
04:55 Lumber Mill
05:21 Farm
06:54 Farm

»
Mr_PooP_Stains (
teal | 37 APM | 666 actions | 18:02)
2 Demon Hunter
1 Immolation
1 Evasion
1 Archmage
1 Brilliance Aura
» actions
| Assign group hotkey | 14 | |
| Basic commands | 45 | |
| Build / train | 60 | |
| Enter build submenu | 33 | |
| Enter hero's abilities submenu | 3 | |
| Right click | 143 | |
| Select / deselect | 187 | |
| Select group hotkey | 118 | |
| Use ability | 63 | |
666 total
» units
| Wisp | 7 | |
| Druid of the Talon | 3 | |
| Rifleman | 11 | |
| Crypt Fiend | 3 | |
| Chimaera | 4 | |
28 total
» upgrades
| Strength of the Wild | 1 | |
| Reinforced Hides | 1 | |
| Druid of the Talon Training | 1 | |
| Long Rifles | 1 | |
| Web | 1 | |
| Masonry | 2 | |
7 total
» buildings
| Altar of Elders | 1 | |
| Moon Well | 7 | |
| Tree of Ages | 1 | |
| Hunter's Hall | 1 | |
| Tree of Eternity | 1 | |
| Ancient of Wind | 1 | |
| Chimaera Roost | 1 | |
| Farm | 5 | |
| Castle | 2 | |
| Scout Tower | 15 | |
| Guard Tower | 15 | |
| Tree of Life | 1 | |
51 total
» build order
00:16 Altar of Elders
00:30 Moon Well
02:16 Moon Well
02:23 Tree of Ages
02:54 Moon Well
03:03 Hunter's Hall
03:52 Moon Well
04:52 Moon Well
05:10 Tree of Eternity
05:16 Ancient of Wind
05:52 Moon Well
08:06 Chimaera Roost
09:12 Farm
09:20 Farm
09:24 Farm
09:27 Farm
09:30 Farm
10:53 Castle
10:53 Castle
11:09 Scout Tower
11:14 Scout Tower
11:18 Scout Tower
11:37 Moon Well
11:57 Guard Tower
11:57 Guard Tower
11:59 Guard Tower
12:02 Scout Tower
12:07 Scout Tower
12:36 Scout Tower
12:39 Guard Tower
12:42 Scout Tower
12:47 Guard Tower
13:01 Guard Tower
13:04 Scout Tower
13:08 Guard Tower
13:10 Scout Tower
13:12 Guard Tower
13:15 Scout Tower
13:19 Scout Tower
13:42 Guard Tower
13:44 Guard Tower
13:47 Scout Tower
13:50 Guard Tower
13:54 Scout Tower
13:59 Tree of Life
14:17 Guard Tower
14:21 Scout Tower
14:27 Guard Tower
14:30 Scout Tower
14:52 Guard Tower
14:52 Guard Tower
Chat log
(00:08 / Allies) IWasBulliedALot: lmao nigga name trump da goat
(00:37 / Allies) TRUMP-DA-GOAT: please don't swear
(00:46 / Allies) IWasBulliedALot: yes sir or ma'am
(01:09 / Allies) TRUMP-DA-GOAT: red im gonna clear trees u take the expo aight?
(01:13 / Allies) MemberBerrys: k
(01:20 / Allies) IWasBulliedALot: same i clear this for you Green
(02:47 / Allies) TRUMP-DA-GOAT: k bring peon sir!
(02:57 / Allies) IWasBulliedALot: gogo
(03:04 / Allies) IWasBulliedALot: fuck dude
(03:09 / Allies) IWasBulliedALot: FUCKING HELP ME
(03:41 / Allies) jG]ChUcK: u gona expo or me?
(03:41 / Allies) IWasBulliedALot: expo
(03:42 / Allies) IWasBulliedALot: exp
(03:45 / Allies) IWasBulliedALot: take expo
(03:49 / Allies) IWasBulliedALot: u
(04:57 / All) IWasBulliedALot: fuck off Teal
(04:57 / Allies) IWasBulliedALot: ty
(05:03 / Allies) IWasBulliedALot: red
(05:05 / Allies) IWasBulliedALot: are you dumb?
(05:06 / Allies) IWasBulliedALot: fight dude
(05:10 / Allies) IWasBulliedALot: omg
(05:16 / Allies) IWasBulliedALot: pussy ass nigga
(05:23 / All) IWasBulliedALot: cancel that
(05:24 / All) IWasBulliedALot: cancel it
(05:33 / All) IWasBulliedALot: pussy ass nigga
(05:38 / All) IWasBulliedALot: lmao OJ
(05:44 / All) IWasBulliedALot: LMAO
(05:46 / All) IWasBulliedALot: LOL
(05:49 / All) IWasBulliedALot: GG
(05:50 / All) IWasBulliedALot: GG
(05:58 / All) IWasBulliedALot: yooooooooooooo we in this bitch
(05:58 / Allies) IWasBulliedALot: dude
(05:59 / Allies) IWasBulliedALot: go
(06:00 / Allies) IWasBulliedALot: LOL
(06:17 / All) IWasBulliedALot: where tha mana at
(06:32 / All) IWasBulliedALot: fuck your shit bitch
(07:03 / All) CUMMYBEARS: everyones walking
(07:08 / All) CUMMYBEARS: pink doesnt tp with militia
(07:09 / All) CUMMYBEARS: wow
(07:10 / All) IWasBulliedALot: lmao
(07:11 / All) CUMMYBEARS: everything
(07:12 / All) CUMMYBEARS: lmao
(07:13 / All) IWasBulliedALot: GET TO THE MUSTANG
(07:14 / All) CUMMYBEARS: everyting
(07:14 / All) IWasBulliedALot: GET TO THE MUSTANG
(07:20 / All) IWasBulliedALot: LOL NOW HE TP
(07:21 / All) IWasBulliedALot: WOW
(07:27 / All) IWasBulliedALot: GIVE
(07:27 / All) IWasBulliedALot: ME
(07:28 / All) IWasBulliedALot: YOUR
(07:29 / All) IWasBulliedALot: MANA
(07:32 / Allies) IWasBulliedALot: HELP ME
(07:43 / Allies) IWasBulliedALot: FUCKING HELP ME
(08:11 / Allies) TRUMP-DA-GOAT: god dammit i just wanted to bloodmage harasss
(08:11 / All) IWasBulliedALot: NAW
(08:15 / Allies) IWasBulliedALot: lmao
(08:24 / Allies) IWasBulliedALot: YO DID you see that juxx?
(08:57 / Allies) IWasBulliedALot: im aggitated
(09:01 / Allies) IWasBulliedALot: he doesnt leave
(09:14 / All) IWasBulliedALot: dude just fucking leave..
(09:17 / All) IWasBulliedALot: no one wants you here
(09:40 / All) IWasBulliedALot: bitch
(10:01 / All) IWasBulliedALot: okay
(10:02 / All) IWasBulliedALot: kill me
(10:03 / All) IWasBulliedALot: idgaf
(10:09 / All) IWasBulliedALot: just be back in 30 secsits kewl
(10:11 / All) TRUMP-DA-GOAT: kodo #1
(10:11 / All) IWasBulliedALot: not even mad
(10:13 / All) TRUMP-DA-GOAT: lol
(10:20 / All) TRUMP-DA-GOAT: teal must be a shortbus kid
(10:24 / All) IWasBulliedALot: LMAO
(10:25 / All) IWasBulliedALot: BRUH
(10:25 / All) IWasBulliedALot: OMG
(10:32 / All) IWasBulliedALot: HELLO SHORT BUS? U FORGOT ONE
(10:34 / All) IWasBulliedALot: LOLOLOLOLO
(10:35 / All) IWasBulliedALot: GET TO THE MUSTANG
(10:36 / All) TRUMP-DA-GOAT: chims omg teal
(10:36 / All) IWasBulliedALot: GET TO THE MUSTANG
(10:37 / All) IWasBulliedALot: GET TO THE MUSTANG
(10:38 / All) IWasBulliedALot: GET TO THE MUSTANG
(10:39 / All) IWasBulliedALot: GET TO THE MUSTANG
(10:45 / All) IWasBulliedALot: oh no too late teal
(10:48 / All) IWasBulliedALot: GET TO THE MUSTANGGET TO THE MUSTANGGET TO THE MUSTANGGET TO THE MUSTANGGET TO THE MUSTANGGET TO THE MUSTANGGET TO THE MUSTANG
(10:50 / All) IWasBulliedALot: GET TO THE MUSTANGGET TO THE MUSTANGGET TO THE MUSTANGGET TO THE MUSTANGGET TO THE MUSTANGGET TO THE MUSTANGGET TO THE MUSTANG
(10:51 / All) IWasBulliedALot: GET TO THE MUSTANGGET TO THE MUSTANGGET TO THE MUSTANGGET TO THE MUSTANGGET TO THE MUSTANGGET TO THE MUSTANGGET TO THE MUSTANG
(10:52 / All) IWasBulliedALot: GET TO THE MUSTANG
(10:53 / All) IWasBulliedALot: GET TO THE MUSTANG
(10:53 / All) IWasBulliedALot: GET TO THE MUSTANG
(10:54 / All) IWasBulliedALot: GET TO THE MUSTANG
(12:02 / Allies) IWasBulliedALot: lmao purp
(12:04 / Allies) IWasBulliedALot: that flame stryke
(12:16 / Allies) TRUMP-DA-GOAT: need to use it on something before this shortbus kid leaves
(12:21 / Allies) IWasBulliedALot: lmao
(12:43 / Allies) IWasBulliedALot: finish him
(12:49 / Allies) IWasBulliedALot: lel
(13:12 / All) TRUMP-DA-GOAT: yea go move the ghouls away
(13:22 / Allies) IWasBulliedALot: w8
(13:24 / Allies) IWasBulliedALot: use fs on acos
(13:26 / Allies) TRUMP-DA-GOAT: use
(13:29 / Allies) TRUMP-DA-GOAT: the sorc if u want
(13:36 / Allies) TRUMP-DA-GOAT: already got acos lawl
(13:40 / Allies) IWasBulliedALot: hmm
(13:48 / Allies) TRUMP-DA-GOAT: i harassed chronictoke yesterday u prob played him. he was pissed
(13:52 / Allies) IWasBulliedALot: LOL
(13:53 / Allies) IWasBulliedALot: yeah
(13:54 / Allies) IWasBulliedALot: wow
(13:58 / Allies) IWasBulliedALot: hes such a fag dude
(14:00 / Allies) IWasBulliedALot: ugly as shit
(14:04 / Allies) IWasBulliedALot: u seen his stream?
(14:04 / Allies) TRUMP-DA-GOAT: playing since 2002 didnt get shades or dust
(14:08 / Allies) IWasBulliedALot: like 2people watch him LOL
(14:09 / Allies) TRUMP-DA-GOAT: no but i will now lawl
(14:11 / Allies) IWasBulliedALot: wow
(14:26 / Allies) IWasBulliedALot: i think he delays it now
(14:38 / Allies) IWasBulliedALot: but I used to watch his shit
(14:41 / Allies) IWasBulliedALot: and know what he went
(14:48 / Allies) IWasBulliedALot: and told his allies and they got fucking pissed lmao
(14:50 / Allies) IWasBulliedALot: ty
(15:02 / Allies) TRUMP-DA-GOAT: lawl
(15:16 / Allies) IWasBulliedALot: i keep u good on mana
(15:18 / Allies) IWasBulliedALot: more shops
(15:20 / Allies) TRUMP-DA-GOAT: i uploaded it on wcr yesterday but couldnt see his chat. wish i could
(15:27 / Allies) TRUMP-DA-GOAT: he was pinging his base when i killed his acos for some reason
(15:31 / Allies) IWasBulliedALot: LOL
(15:45 / Allies) IWasBulliedALot: he's like 30
(15:53 / Allies) IWasBulliedALot: and literally lives in a fucking basement lmao
(15:58 / Allies) IWasBulliedALot: look at the background on his streams
(16:15 / Allies) TRUMP-DA-GOAT: whats his twitch
(16:17 / Allies) TRUMP-DA-GOAT: gitta watch n ow
(16:27 / Allies) IWasBulliedALot: i think /toke
(16:27 / Allies) IWasBulliedALot: or
(16:33 / Allies) IWasBulliedALot: /chronictoke
(16:35 / Allies) TRUMP-DA-GOAT: aight
(16:36 / Allies) IWasBulliedALot: /clantoke
(16:37 / Allies) IWasBulliedALot: i think
(16:44 / All) IWasBulliedALot: fuck nigga
(16:48 / All) IWasBulliedALot: where the mana at
(16:52 / Allies) TRUMP-DA-GOAT: do u stab, like make standoffs?
(16:54 / Allies) TRUMP-DA-GOAT: with a 2nd stabber
(16:58 / Allies) IWasBulliedALot: lmao
(17:00 / Allies) IWasBulliedALot: sometimes
(17:02 / Allies) IWasBulliedALot: but rarely
(17:10 / Allies) IWasBulliedALot: i dont go as hard with the tk'ing as I once did
(17:10 / All) IWasBulliedALot: GET TO THE MUSTANG
(17:11 / All) IWasBulliedALot: GET TO THE MUSTANG
(17:24 / Allies) TRUMP-DA-GOAT: my friend got pissed at me and blocked me cuz he couldnt kill kbillys hero
(17:25 / Allies) IWasBulliedALot: who is revealing
(17:26 / All) IWasBulliedALot: GET TO THE MUSTANG
(17:26 / All) IWasBulliedALot: GET TO THE MUSTANG
(17:32 / All) MemberBerrys: I SPY A TREE
(17:33 / Allies) IWasBulliedALot: lmao
(17:35 / All) IWasBulliedALot: LOL
(17:37 / All) IWasBulliedALot: FUCC NIGGA
(17:38 / All) IWasBulliedALot: OH
(17:39 / All) IWasBulliedALot: OH
(17:40 / All) IWasBulliedALot: WE GOT YOU
(17:41 / All) IWasBulliedALot: GET TO THE MUSTANG
(17:41 / All) IWasBulliedALot: GET TO THE MUSTANG
(17:46 / All) TRUMP-DA-GOAT: bad boy teal
(17:48 / All) IWasBulliedALot: FLAME STRIKE THAT BUTCH
(17:58 / All) IWasBulliedALot: pussy as snigga
(17:59 / All) IWasBulliedALot: GET TO THE MUSTANG
(18:00 / All) IWasBulliedALot: GET TO THE MUSTANG
(18:01 / All) IWasBulliedALot: GET TO THE MUSTANG
(18:01 / All) IWasBulliedALot: GET TO THE MUSTANG